[Event "December 12 Early 2023"]
[Site "https://www.chess.com"]
[Date "2023.12.12"]
[Round "9"]
[White "Herman, Matthew"]
[Black "Koridze, Lile"]
[Result "1-0"]
[Board "111"]
[TimeControl "180+1"]
[WhiteFideId "2028964"]
[BlackFideId "13612514"]
[WhiteElo "2492"]
[BlackElo "2359"]
[WhiteTeam "USA"]
[BlackTeam "GEO"]
[WhiteClock "0:00:06"]
[BlackClock "0:00:09"]

1. e4 c5 2. Nf3 d6 3. d4 cxd4 4. Nxd4 Nf6 5. Nc3 a6 6. Bc4 e6 7. a3 b5 8. Ba2 Bb7 9. Qe2 Qc7 10. g4 Be7 11. g5 Nfd7 12. Bxe6 fxe6 13. Nxe6 Qc4 14. Qxc4 bxc4 15. Nc7+ Kd8 16. Nxa8 Bxa8 17. Be3 Nc6 18. O-O-O Ke8 19. f4 Kf7 20. h4 Nd8 21. Rd4 Nb6 22. Rd2 Nd7 23. Rhd1 Ne6 24. e5 Rd8 25. f5 Nxe5 26. fxe6+ Kxe6 27. Rd4 d5 28. Rf4 Ng6 29. Rg4 Kf5 30. Rdg1 Ne5 31. Rf4+ Ke6 32. Bd4 Ng6 33. Rfg4 Bd6 34. h5 Ne5 35. Re1 Kf5 36. Rg2 Ng4 37. Rf1+ Kxg5 38. Rfg1 Kxh5 39. Rxg4 h6 40. Rxg7 Be7 41. Rh1+ Bh4 42. Bf2 1-0

[Event "December 12 Early 2023"]
[Site "https://www.chess.com"]
[Date "2023.12.12"]
[Round "9"]
[White "La Villa Rivas, Marlon Javier"]
[Black "Azali, Tannaz"]
[Result "0-1"]
[Board "112"]
[TimeControl "180+1"]
[WhiteFideId "3519546"]
[BlackFideId "12537721"]
[WhiteElo "2351"]
[BlackElo "2485"]
[WhiteTeam "CUB"]
[BlackTeam "IRI"]
[WhiteClock "0:01:13"]
[BlackClock "0:01:12"]

1. e4 c5 2. Nf3 e6 3. d4 cxd4 4. Nxd4 Nf6 5. Nc3 Nc6 6. Ndb5 Bc5 7. Nd6+ Ke7 8. Bf4 e5 9. Nf5+ Kf8 10. Bg5 d6 11. Nd5 Bxf5 12. exf5 Bxf2+ 13. Ke2 Nd4+ 14. Kxf2 Ne4+ 15. Kg1 Qxg5 16. c3 Nxf5 17. Bd3 Ne3 18. Qf3 Nxd5 19. Bxe4 Qe3+ 20. Qxe3 Nxe3 21. Kf2 Ng4+ 22. Kf3 Nf6 23. Bxb7 Rb8 24. Bc6 Rxb2 25. Rab1 Rxb1 26. Rxb1 Ke7 27. Rb7+ Ke6 28. Rxa7 Rc8 29. Ra6 Rc7 30. Ke3 Ng4+ 31. Ke4 f5+ 32. Kd3 Nxh2 33. a4 Ng4 34. a5 e4+ 35. Kd2 Ne5 36. Bb5 Rc5 37. Be2 Nc6 38. Rb6 Nxa5 39. Bd1 Nc4+ 0-1

[Event "December 12 Early 2023"]
[Site "https://www.chess.com"]
[Date "2023.12.12"]
[Round "9"]
[White "Shinkarev, M"]
[Black "Filippova, Margarita"]
[Result "0-1"]
[Board "113"]
[TimeControl "180+1"]
[WhiteFideId "4145348"]
[BlackFideId "34199680"]
[WhiteElo "2478"]
[BlackElo "2322"]
[WhiteTeam "RUS"]
[BlackTeam "RUS"]
[WhiteClock "0:00:00"]
[BlackClock "0:00:41"]

1. c4 Nf6 2. g3 e6 3. Bg2 d5 4. cxd5 exd5 5. d4 Bd6 6. Nf3 O-O 7. Ne5 c6 8. O-O Re8 9. f4 b6 10. Nc3 Bb7 11. h3 Nbd7 12. e3 a6 13. Kh2 Qe7 14. e4 dxe4 15. Nxe4 Nxe4 16. Bxe4 Rad8 17. Bg2 Nxe5 18. dxe5 Bxe5 19. Qb3 Bd4 20. f5 c5 21. Bxb7 Qxb7 22. Qc2 f6 23. Bf4 Qe4 24. Qxe4 Rxe4 25. Bc7 Rde8 26. h4 Re2+ 27. Kh3 Rxb2 28. h5 h6 29. a4 Ree2 30. Rab1 b5 31. Rxb2 Bxb2 32. Rd1 bxa4 33. Rd8+ Kh7 34. Ra8 Be5 35. Bb6 Re3 36. Bxc5 Rxg3+ 37. Kh4 Rc3 38. Bf8 Rc4+ 39. Kh3 Rc3+ 40. Kh4 Rc4+ 41. Kh3 Bd4 42. Rxa6 Kg8 43. Bd6 Be5 44. Ra8+ Kh7 45. Bf8 Rc3+ 46. Kh4 Rf3 47. Ra7 Rg3 48. Rxa4 Rg5 49. Rg4 Kg8 0-1

[Event "December 12 Early 2023"]
[Site "https://www.chess.com"]
[Date "2023.12.12"]
[Round "9"]
[White "Tarasova, Viktoriya"]
[Black "Chernomordik, Pavel"]
[Result "1/2-1/2"]
[Board "114"]
[TimeControl "180+1"]
[WhiteFideId "4175840"]
[BlackFideId "2804530"]
[WhiteElo "2315"]
[BlackElo "2476"]
[WhiteTeam "RUS"]
[BlackTeam "ISR"]
[WhiteClock "0:00:05"]
[BlackClock "0:00:01"]

1. d4 g6 2. c4 Bg7 3. e4 Nc6 4. Be3 e5 5. Ne2 exd4 6. Nxd4 Qf6 7. Nc2 Qxb2 8. Nd2 d6 9. Be2 Qe5 10. O-O Nf6 11. Bd3 Ng4 12. Nf3 Qe7 13. Rb1 O-O 14. Bg5 f6 15. Bd2 Nge5 16. Nxe5 dxe5 17. Ne3 Rd8 18. Nd5 Qf7 19. c5 Nd4 20. Bc4 Be6 21. Rxb7 Rd7 22. Qa4 c6 23. Rxd7 Qxd7 24. Ne3 Bf8 25. Bb4 Bxc4 26. Nxc4 Ne2+ 27. Kh1 Qd3 28. Ne3 Qxe4 29. Qb3+ Kg7 30. Rd1 Nd4 31. Qc4 a5 32. Bc3 Rd8 33. Bxa5 Rb8 34. Bc3 Rb1 35. Qf1 Rxd1 36. Qxd1 Bxc5 37. a4 Nf5 38. Nxf5+ gxf5 39. Be1 Qd5 40. Qe2 f4 41. a5 e4 42. Qg4+ Qg5 43. Qe2 Qd5 44. a6 f3 45. gxf3 exf3 46. Qe8 Qg5 47. Qd7+ Kh8 48. Qd8+ Kg7 49. Qd7+ Kg6 50. Qd3+ Kf7 51. Qd7+ Kg6 52. Qd3+ Kg7 53. Qd7+ 1/2-1/2

[Event "December 12 Early 2023"]
[Site "https://www.chess.com"]
[Date "2023.12.12"]
[Round "9"]
[White "Dilmukhametov, Artur"]
[Black "Nasybullina, Alfia"]
[Result "0-1"]
[Board "115"]
[TimeControl "180+1"]
[WhiteFideId "24179922"]
[BlackFideId "4132416"]
[WhiteElo "2448"]
[BlackElo "2286"]
[WhiteTeam "RUS"]
[BlackTeam "KAZ"]
[WhiteClock "0:00:14"]
[BlackClock "0:00:41"]

1. e4 c6 2. d4 d5 3. e5 Bf5 4. h4 h5 5. Bd3 Bxd3 6. Qxd3 e6 7. Bg5 Qb6 8. Nd2 Nd7 9. Ngf3 Ne7 10. c4 Ng6 11. O-O dxc4 12. Nxc4 Qa6 13. Rfd1 Nb6 14. Nfd2 Nxc4 15. Nxc4 Be7 16. Bxe7 Kxe7 17. g3 Rad8 18. b3 c5 19. Qe3 cxd4 20. Qg5+ Ke8 21. Nd6+ Rxd6 22. exd6 Qxd6 23. Qb5+ Qd7 24. Qxd7+ Kxd7 25. Rxd4+ Ke7 26. Rc1 Ne5 27. Kg2 Nc6 28. Rd2 g6 29. Rcd1 Rb8 30. Rd7+ Kf6 31. Rc1 a5 32. Rc3 Kg7 33. Rf3 Ne5 34. Rfd3 Nxd3 35. Rxd3 b5 36. Kf3 Kf6 37. Kf4 b4 38. Rd6 Rb5 39. Ra6 Rf5+ 40. Ke3 Re5+ 41. Kf3 Rc5 42. Ra7 e5 43. Ra6+ Kf5 44. Ra7 f6 45. Ra6 e4+ 46. Kg2 Ke5 47. Ra8 Kd4 48. Ra6 Rf5 49. Rc6 Rf3 50. Rc4+ Kd5 51. Rc8 Rc3 52. Rd8+ Ke5 53. Ra8 Rc5 54. Rg8 Kf5 55. Rd8 g5 56. hxg5 fxg5 57. Rf8+ Ke5 58. Rh8 h4 59. gxh4 gxh4 60. Rxh4 Kd4 61. Rh3 Rf5 62. Rh8 Kc3 63. Ra8 Kb2 64. Re8 Kxa2 65. Rxe4 Kxb3 66. Re3+ Ka4 67. Kg3 b3 68. Kg4 Rxf2 69. Re4+ Ka3 70. Re3 a4 71. Kg3 Rf8 72. Re2 b2 73. Re3+ Ka2 74. Re2 Ka1 75. Kg2 b1=Q 0-1

[Event "December 12 Early 2023"]
[Site "https://www.chess.com"]
[Date "2023.12.12"]
[Round "9"]
[White "Khromkin, Andrey"]
[Black "Cardozo Munar, Carlos Eduardo"]
[Result "1-0"]
[Board "116"]
[TimeControl "180+1"]
[WhiteFideId "4154126"]
[BlackFideId "4409477"]
[WhiteElo "2447"]
[BlackElo "2281"]
[WhiteTeam "RUS"]
[BlackTeam "COL"]
[WhiteClock "0:01:35"]
[BlackClock "0:01:50"]

1. d4 d5 2. c4 e5 3. dxe5 d4 4. Nf3 Nc6 5. g3 Nge7 6. Bg2 Ng6 7. O-O Ngxe5 8. Nxe5 Nxe5 9. Qb3 c6 10. Rd1 Bc5 11. Nc3 O-O 12. Ne4 Qe7 13. Nxc5 Qxc5 14. Bd2 Qxc4 15. Qa3 d3 16. exd3 Qxd3 17. Bc3 Qf5 18. Qe7 Nf3+ 19. Bxf3 Qxf3 20. Rd8 Bh3 21. Qxf8# 1-0

[Event "December 12 Early 2023"]
[Site "https://www.chess.com"]
[Date "2023.12.12"]
[Round "9"]
[White "Pourkashiyan, Atousa"]
[Black "Deveci, Huseyin Said"]
[Result "1-0"]
[Board "117"]
[TimeControl "180+1"]
[WhiteFideId "12502014"]
[BlackFideId "26322455"]
[WhiteElo "2440"]
[BlackElo "2263"]
[WhiteTeam "USA"]
[BlackTeam "TUR"]
[WhiteClock "0:00:13"]
[BlackClock "0:00:00"]

1. e4 c5 2. Nf3 e6 3. d4 cxd4 4. Nxd4 a6 5. c4 Qc7 6. a3 Nf6 7. Nc3 Nc6 8. Be2 Bc5 9. Be3 Ne5 10. O-O O-O 11. Rc1 d6 12. b4 Bxd4 13. Qxd4 Rd8 14. h3 Bd7 15. f4 Ng6 16. f5 exf5 17. exf5 Ne5 18. Bg5 Bc6 19. Qh4 Qb6+ 20. Kh1 Ned7 21. b5 axb5 22. cxb5 Bxg2+ 23. Kxg2 Rxa3 24. Nd5 Nxd5 25. Bxd8 Ne3+ 26. Kh1 Nxf5 27. Bxb6 Nxh4 28. Bg1 Rxh3+ 29. Bh2 Nf8 30. Bg4 Re3 31. Rfe1 Rxe1+ 32. Rxe1 d5 33. Re8 Ng6 34. Bd6 f6 35. Be6+ 1-0

[Event "December 12 Early 2023"]
[Site "https://www.chess.com"]
[Date "2023.12.12"]
[Round "9"]
[White "NastyaHn"]
[Black "Mizzi, Jack"]
[Result "0-1"]
[Board "118"]
[TimeControl "180+1"]
[BlackFideId "5602521"]
[WhiteElo "2256"]
[BlackElo "2430"]
[BlackTeam "MLT"]
[WhiteClock "0:00:01"]
[BlackClock "0:00:13"]

1. Nc3 c6 2. e4 d5 3. d4 dxe4 4. Nxe4 Bf5 5. Ng3 Bg6 6. N1e2 e6 7. Nf4 Bd6 8. Nxg6 hxg6 9. c3 Bxg3 10. fxg3 Nf6 11. Qf3 Nbd7 12. Bd3 Qb6 13. O-O Ne5 14. Qe2 Nxd3 15. Qxd3 O-O-O 16. Bg5 e5 17. Bxf6 gxf6 18. Rxf6 exd4 19. c4 Qxb2 20. Rb1 Qc3 21. Qe2 Rd7 22. Rb3 d3 23. Rxc3 dxe2 24. Kf2 Re8 25. Rc1 Rd1 0-1

[Event "December 12 Early 2023"]
[Site "https://www.chess.com"]
[Date "2023.12.12"]
[Round "9"]
[White "Clawitter, Craig"]
[Black "Rios Escobar, Adan"]
[Result "0-1"]
[Board "119"]
[TimeControl "180+1"]
[WhiteFideId "2023105"]
[BlackFideId "3403645"]
[WhiteElo "2244"]
[BlackElo "2420"]
[WhiteTeam "USA"]
[BlackTeam "CHI"]
[WhiteClock "0:00:00"]
[BlackClock "0:01:25"]

1. e4 c6 2. d4 d5 3. e5 Bf5 4. Nf3 e6 5. Be2 Nd7 6. O-O a5 7. Nbd2 a4 8. a3 f6 9. Re1 fxe5 10. dxe5 Bc5 11. Nf1 Nh6 12. Nd4 Qb6 13. Be3 Nxe5 14. Nxf5 Nxf5 15. Bxc5 Qxc5 16. Bh5+ Ng6 17. Rxe6+ Kd7 18. Qg4 Kxe6 19. Bxg6 hxg6 20. Qxg6+ Kd7 21. Qxf5+ Kc7 22. Re1 Raf8 23. Qe5+ Kc8 24. Ne3 Re8 25. Qxg7 d4 0-1

[Event "December 12 Early 2023"]
[Site "https://www.chess.com"]
[Date "2023.12.12"]
[Round "9"]
[White "Kuchava, Ana"]
[Black "Marchesich, Giovanni"]
[Result "0-1"]
[Board "120"]
[TimeControl "180+1"]
[WhiteFideId "13605348"]
[BlackFideId "2824790"]
[WhiteElo "2231"]
[BlackElo "2418"]
[WhiteTeam "GEO"]
[BlackTeam "ITA"]
[WhiteClock "0:00:00"]
[BlackClock "0:01:33"]

1. d4 Nf6 2. Nf3 c5 3. d5 b5 4. c4 g6 5. cxb5 a6 6. b6 d6 7. Nc3 Nbd7 8. e4 Rb8 9. Bd3 Bg7 10. O-O O-O 11. h3 Nxb6 12. Bf4 Nfd7 13. Qc2 c4 14. Be2 Nc5 15. Be3 Qc7 16. Nd4 f5 17. Nc6 Rb7 18. Bxc5 dxc5 19. Na5 Rb8 20. Nxc4 fxe4 21. Nxb6 Qxb6 22. Rab1 Bf5 23. g4 Bd7 24. Nxe4 Bd4 25. Qc4 Kh8 26. Qxa6 Qc7 27. d6 exd6 28. Qxd6 Qb7 29. Nxc5 Qb4 30. Qxd7 Qxc5 31. Rbc1 Bxf2+ 32. Kg2 Qe3 33. Bd1 Qg3+ 0-1

[Event "December 12 Early 2023"]
[Site "https://www.chess.com"]
[Date "2023.12.12"]
[Round "9"]
[White "Parra Gomez, Adrian"]
[Black "Vanek, Tomas"]
[Result "1-0"]
[Board "121"]
[TimeControl "180+1"]
[WhiteFideId "3513106"]
[BlackFideId "313459"]
[WhiteElo "2416"]
[BlackElo "2231"]
[WhiteTeam "CUB"]
[BlackTeam "CZE"]
[WhiteClock "0:00:25"]
[BlackClock "0:00:04"]

1. d4 f5 2. c4 Nf6 3. Nc3 b6 4. e3 Bb7 5. f3 e6 6. Bd3 Bd6 7. Nge2 Nh5 8. Qc2 Qh4+ 9. Kd1 a5 10. a3 O-O 11. Nb5 Nc6 12. Nxd6 cxd6 13. Qd2 a4 14. Qe1 Qe7 15. Rg1 Nf6 16. Qh4 Ba6 17. Bd2 Rab8 18. Rc1 b5 19. c5 dxc5 20. Rxc5 b4 21. Bxa6 bxa3 22. bxa3 Rb1+ 23. Nc1 Ra1 24. Ke2 Rxa3 25. Nd3 f4 26. Nxf4 e5 27. Bc4+ d5 28. Nxd5 Nxd5 29. Bxd5+ Kh8 30. Qxe7 Nxe7 31. dxe5 Ra2 32. e4 Rd8 33. Bxa2 Ng6 34. Rgc1 Rf8 35. Rc8 a3 36. Rxf8+ Nxf8 37. Rc8 h6 38. Rxf8+ Kh7 39. Bg8+ Kg6 40. Bf7+ Kh7 41. e6 a2 42. Bc3 h5 43. h4 g5 44. Rh8# 1-0

[Event "December 12 Early 2023"]
[Site "https://www.chess.com"]
[Date "2023.12.12"]
[Round "9"]
[White "Leve, Nitai"]
[Black "Borawski, Jakub"]
[Result "0-1"]
[Board "122"]
[TimeControl "180+1"]
[WhiteFideId "2006898"]
[BlackFideId "1143000"]
[WhiteElo "2413"]
[BlackElo "2223"]
[WhiteTeam "USA"]
[BlackTeam "POL"]
[WhiteClock "0:00:09"]
[BlackClock "0:00:08"]

1. e4 e5 2. Nf3 Nc6 3. d4 exd4 4. c3 dxc3 5. Nxc3 Bb4 6. Bc4 d6 7. Qb3 Qe7 8. O-O Bxc3 9. bxc3 Nf6 10. Bg5 O-O 11. h3 Na5 12. Qa4 Nxc4 13. Qxc4 h6 14. Bxf6 Qxf6 15. Qxc7 Bxh3 16. gxh3 Qxf3 17. Qxd6 Qxh3 18. Rab1 Qg4+ 19. Qg3 Qxe4 20. Rb4 Qc6 21. Rg4 g6 22. Kh2 Rac8 23. Rg1 Qf6 24. c4 Rc5 25. Rh4 h5 26. Kh3 Rfc8 27. f3 Rxc4 28. Rxh5 Qe6+ 29. Kh2 Rc2+ 30. Kh1 Rc1 31. Rh4 Rxg1+ 32. Qxg1 Qxa2 33. Qe3 Qb2 34. Rg4 Rc1+ 35. Rg1 Rxg1+ 36. Qxg1 Qb3 37. Qg4 Qe6 38. Qd4 a6 39. Qd8+ Kg7 40. Qd4+ Qf6 41. Qe4 b5 42. Qb7 Qh4+ 43. Kg2 Qg5+ 44. Kh1 a5 45. Qa8 a4 46. Qe4 Qf6 47. Qd5 a3 48. Qxb5 a2 49. Kg2 a1=Q 50. Kg3 Qae5+ 0-1

[Event "December 12 Early 2023"]
[Site "https://www.chess.com"]
[Date "2023.12.12"]
[Round "9"]
[White "Arshiya Das"]
[Black "Zivic, Dragan"]
[Result "1/2-1/2"]
[Board "123"]
[TimeControl "180+1"]
[WhiteFideId "25652150"]
[BlackFideId "904740"]
[WhiteElo "2222"]
[BlackElo "2408"]
[WhiteTeam "IND"]
[BlackTeam "SRB"]
[WhiteClock "0:00:42"]
[BlackClock "0:01:26"]

1. e4 c6 2. d4 d5 3. Nd2 dxe4 4. Nxe4 Bf5 5. Ng3 Bg6 6. h4 h6 7. Nf3 Nd7 8. h5 Bh7 9. Bd3 Bxd3 10. Qxd3 e6 11. Bd2 Ngf6 12. O-O-O Be7 13. Ne4 Nxe4 14. Qxe4 Nf6 15. Qe2 Qd5 16. c4 Qe4 17. Qxe4 Nxe4 18. Rhf1 f5 19. Bf4 Bf6 20. Nd2 Nxd2 21. Rxd2 Kf7 22. Rfd1 Rhd8 23. Kc2 Rd7 24. g3 b5 25. b3 a5 26. Be5 a4 27. Kb2 axb3 28. axb3 Rda7 29. Bxf6 Kxf6 30. c5 Ra2+ 31. Kc3 Kg5 32. Re1 Rxd2 33. Kxd2 Ra2+ 34. Kc3 Kf6 35. Rf1 e5 36. dxe5+ Kxe5 37. Re1+ Kd5 38. Re7 Rxf2 39. Rxg7 Kxc5 40. b4+ Kb6 41. Rg6 Rf3+ 42. Kb2 f4 43. gxf4 Rxf4 44. Kb3 Rf3+ 45. Kb2 Rf2+ 46. Kb3 Rf3+ 47. Kb2 Rf2+ 48. Kc3 Rf3+ 49. Kc2 Rf4 50. Kb3 Rf3+ 1/2-1/2

[Event "December 12 Early 2023"]
[Site "https://www.chess.com"]
[Date "2023.12.12"]
[Round "9"]
[White "Bach Ngoc Thuy Duong"]
[Black "Fernandez Hernandez, Gerardo"]
[Result "1-0"]
[Board "124"]
[TimeControl "180+1"]
[WhiteFideId "12408956"]
[BlackFideId "2207400"]
[WhiteElo "2398"]
[BlackElo "2208"]
[WhiteTeam "VIE"]
[BlackTeam "ESP"]
[WhiteClock "0:00:09"]
[BlackClock "0:00:00"]

1. d4 Nf6 2. c4 c5 3. d5 b5 4. cxb5 a6 5. bxa6 g6 6. Nc3 Bg7 7. e4 O-O 8. Nf3 Qa5 9. Bd2 Bxa6 10. Bxa6 Qxa6 11. Qe2 e6 12. Qxa6 Nxa6 13. O-O exd5 14. exd5 Nb4 15. Be3 d6 16. Bf4 Nfxd5 17. Bxd6 Rfc8 18. Nxd5 Nxd5 19. Be5 Nb4 20. Bxg7 Kxg7 21. a3 Nd3 22. b3 Rcb8 23. Nd2 Rb5 24. Rfb1 Rba5 25. Nc4 Rb5 26. Kf1 Rab8 27. Nd2 Nf4 28. g3 Nd5 29. Rc1 f6 30. Rc2 Ra8 31. a4 Rba5 32. Rac1 Rc8 33. Ne4 Rb8 34. Rxc5 Rxc5 35. Nxc5 Rc8 36. Nd3 Rb8 37. Nc5 Rb4 38. Ke2 g5 39. Rd1 1-0

[Event "December 12 Early 2023"]
[Site "https://www.chess.com"]
[Date "2023.12.12"]
[Round "9"]
[White "Negron Lizarazo, Juan Sebastian"]
[Black "Balla, Tamas-Kristof"]
[Result "0-1"]
[Board "125"]
[TimeControl "180+1"]
[WhiteFideId "3936910"]
[BlackFideId "1208497"]
[WhiteElo "2148"]
[BlackElo "2389"]
[WhiteTeam "COL"]
[BlackTeam "ROU"]
[WhiteClock "0:00:00"]
[BlackClock "0:00:33"]

1. e4 c5 2. Nc3 Nc6 3. g3 g6 4. Bg2 Bg7 5. d3 d6 6. Be3 e6 7. Qd2 Nf6 8. Bh6 Bxh6 9. Qxh6 Ng4 10. Qf4 e5 11. Qf3 Nd4 12. Qd1 Nf6 13. Nge2 Be6 14. Nxd4 cxd4 15. Ne2 Rc8 16. h3 Qd7 17. f4 Nh5 18. g4 Nxf4 19. Nxf4 exf4 20. O-O d5 21. Rxf4 dxe4 22. Bxe4 O-O 23. Qd2 Qc7 24. Rc1 Bxa2 25. Bg2 Be6 26. Rxd4 Qb6 27. c3 Rcd8 28. Qf2 Rxd4 29. cxd4 Rd8 30. d5 Qxf2+ 31. Kxf2 Bxd5 32. Bxd5 Rxd5 33. Rc7 Rb5 34. Rc8+ Kg7 35. Rc2 a5 36. Ke3 a4 37. d4 Rb3+ 38. Ke4 Rxh3 39. d5 Kf8 40. Rc8+ Ke7 41. Rc7+ Kd6 42. Rxb7 h5 43. Rxf7 Rh4 44. Rf6+ Kc5 45. Rc6+ Kb5 46. Rxg6 Rxg4+ 47. Rxg4 hxg4 48. Ke5 g3 49. d6 Kc6 50. Ke6 g2 51. d7 g1=Q 52. d8=Q Qe1+ 53. Kf7 Qf2+ 54. Ke8 Qe3+ 55. Kf7 Qb3+ 56. Kf6 Qxb2+ 57. Ke6 Qe2+ 58. Kf5 Qf3+ 59. Ke5 Qh5+ 60. Ke4 Qg6+ 61. Ke3 Qe6+ 62. Kd2 Qa2+ 63. Kc3 Qb3+ 64. Kd2 Kc5 65. Qc8+ Kb4 66. Qb8+ Ka3 67. Qd6+ Ka2 68. Kc1 Qb2+ 69. Kd1 a3 70. Qd5+ Qb3+ 71. Qxb3+ Kxb3 72. Kc1 a2 0-1

[Event "December 12 Early 2023"]
[Site "https://www.chess.com"]
[Date "2023.12.12"]
[Round "9"]
[White "Sailer, Mike"]
[Black "Donchenko, Anatoly"]
[Result "1-0"]
[Board "126"]
[TimeControl "180+1"]
[WhiteFideId "2012901"]
[BlackFideId "4106091"]
[WhiteElo "2072"]
[BlackElo "2378"]
[WhiteTeam "USA"]
[BlackTeam "GER"]
[WhiteClock "0:00:18"]
[BlackClock "0:01:01"]

1. d4 d5 2. Bf4 c5 3. e3 Nc6 4. Nc3 e6 5. Nb5 Qa5+ 6. c3 e5 7. dxe5 Be6 8. Nf3 O-O-O 9. Be2 h6 10. O-O Nge7 11. Nd6+ Kb8 12. b4 cxb4 13. cxb4 Qb6 14. a4 Ng6 15. a5 Qc7 16. a6 b6 17. Rc1 Qd7 18. Bb5 Bxd6 19. Bxc6 Qe7 20. exd6 Rxd6 21. Bxd6+ Qxd6 22. Nd4 Bc8 23. Bb7 Bd7 24. Nc6+ Bxc6 25. Rxc6 Qe5 26. Qc2 Ne7 27. Rc3 Rd8 28. Rc1 Qe6 29. Rc7 d4 30. Rxe7 d3 31. Qc7# 1-0

[Event "December 12 Early 2023"]
[Site "https://www.chess.com"]
[Date "2023.12.12"]
[Round "9"]
[White "BestestBP"]
[Black "Kopczynski, Michal"]
[Result "0-1"]
[Board "127"]
[TimeControl "180+1"]
[BlackFideId "1124200"]
[WhiteElo "2148"]
[BlackElo "2534"]
[BlackTeam "POL"]
[WhiteClock "0:00:06"]
[BlackClock "0:00:07"]

1. d4 Nf6 2. Nf3 g6 3. c4 Bg7 4. g3 d6 5. Bg2 O-O 6. O-O Nfd7 7. Nc3 Nc6 8. e4 e5 9. d5 Ne7 10. b4 h6 11. Be3 f5 12. Qd2 g5 13. exf5 Nxf5 14. c5 a6 15. c6 bxc6 16. dxc6 Nf6 17. Nd5 Be6 18. Nxf6+ Qxf6 19. a4 Qg6 20. b5 Qh5 21. b6 cxb6 22. Bxb6 Rac8 23. c7 d5 24. Rfe1 e4 25. Nd4 Nxd4 26. Bxd4 Bxd4 27. Qxd4 Rxc7 28. Qb6 Qf7 29. Rac1 Rb7 30. Qd4 a5 31. Rc5 Rb4 32. Qe3 Rxa4 33. Rf1 Ra2 34. h4 Qf6 35. hxg5 Qxg5 36. Qd4 Qf6 37. Qe3 a4 38. Rc7 Ra1 39. Rxa1 Qxa1+ 40. Kh2 Qf6 41. Ra7 Qg5 42. Qd4 Rc8 43. Kg1 a3 44. Bf1 Rc1 45. Qd2 Qxd2 46. Ra8+ Kf7 47. Ra7+ Kf6 48. Rf7+ Kxf7 49. g4 Rxf1+ 50. Kxf1 e3 51. Kg2 Qxf2+ 52. Kh3 Qf3+ 53. Kh4 Qxg4# 0-1

[Event "December 12 Early 2023"]
[Site "https://www.chess.com"]
[Date "2023.12.12"]
[Round "9"]
[White "Kolmagorov, Alexey"]
[Black "Baches Garcia, Guillermo"]
[Result "1/2-1/2"]
[Board "128"]
[TimeControl "180+1"]
[WhiteFideId "34129402"]
[BlackFideId "2209764"]
[WhiteElo "2361"]
[BlackElo "2467"]
[WhiteTeam "RUS"]
[BlackTeam "ESP"]
[WhiteClock "0:00:12"]
[BlackClock "0:00:11"]

1. d4 Nf6 2. c4 e6 3. g3 d5 4. Bg2 Be7 5. Nf3 O-O 6. O-O dxc4 7. Qc2 a6 8. a4 Bd7 9. Rd1 Bc6 10. Nc3 Bxf3 11. Bxf3 c6 12. e4 a5 13. d5 cxd5 14. exd5 exd5 15. Nxd5 Nxd5 16. Bxd5 Qb6 17. Be3 Bc5 18. Bxc5 Qxc5 19. Qxc4 Qxc4 20. Bxc4 Nc6 21. Rd5 Rfd8 22. Rad1 Rxd5 23. Rxd5 Rd8 24. Rb5 Rd7 25. Bd5 Kf8 26. Bxc6 bxc6 27. Rxa5 Rb7 28. Rc5 Rxb2 29. Rxc6 Ra2 30. Ra6 h5 31. h3 g6 32. Kg2 Kg7 33. g4 h4 34. Ra8 g5 35. Ra5 Kg6 36. Ra6+ Kg7 37. a5 Kh7 38. Ra8 Kg7 39. Ra7 Kf6 40. Ra6+ Kg7 41. Ra8 Kh7 42. a6 Kg7 43. Kf3 Ra3+ 44. Kg2 Ra2 45. a7 Kh7 46. Kf3 Kg7 47. Ke4 Ra6 48. f4 Ra4+ 49. Kf5 gxf4 50. Ke5 f3 51. Rc8 Rxa7 52. Rc2 Ra3 53. Rf2 Kg6 54. Kf4 Ra4+ 55. Kxf3 Ra3+ 56. Kg2 Rg3+ 57. Kh2 f6 58. Rb2 f5 59. Rf2 fxg4 60. hxg4 Rxg4 61. Rg2 Kh5 62. Rxg4 Kxg4 63. Kh1 h3 64. Kh2 Kh4 65. Kh1 Kg3 66. Kg1 Kg4 67. Kh1 Kh4 68. Kg1 Kg3 69. Kh1 h2 1/2-1/2

[Event "December 12 Early 2023"]
[Site "https://www.chess.com"]
[Date "2023.12.12"]
[Round "9"]
[White "Liu, Casper"]
[Black "Rose, Felix"]
[Result "1-0"]
[Board "129"]
[TimeControl "180+1"]
[WhiteFideId "1454153"]
[BlackFideId "5105722"]
[WhiteElo "2437"]
[BlackElo "2302"]
[WhiteTeam "DEN"]
[BlackTeam "MEX"]
[WhiteClock "0:00:03"]
[BlackClock "0:00:00"]

1. f4 Nf6 2. Nf3 g6 3. e3 Bg7 4. g3 O-O 5. Bg2 d6 6. O-O Nbd7 7. d4 e5 8. fxe5 dxe5 9. dxe5 Ng4 10. Nc3 Ndxe5 11. Nxe5 Qxd1 12. Rxd1 Bxe5 13. e4 c6 14. Bf4 Be6 15. Rd2 Rfd8 16. Rad1 Rxd2 17. Rxd2 Bf6 18. Na4 Ne5 19. Bxe5 Bxe5 20. Nc5 Bxb2 21. Nxe6 fxe6 22. Rd7 Rb8 23. Bh3 e5 24. Be6+ Kh8 25. a4 Bd4+ 26. Kg2 b5 27. a5 b4 28. Kh3 c5 29. Kg4 c4 30. Kg5 b3 31. c3 Bxc3 32. Kh6 Bd2+ 33. Rxd2 b2 34. Rd7 1-0

[Event "December 12 Early 2023"]
[Site "https://www.chess.com"]
[Date "2023.12.12"]
[Round "9"]
[White "Luukkonen, Tommi"]
[Black "Filipovic, Slobodan J"]
[Result "0-1"]
[Board "130"]
[TimeControl "180+1"]
[WhiteFideId "501808"]
[BlackFideId "939633"]
[WhiteElo "2323"]
[BlackElo "2412"]
[WhiteTeam "FIN"]
[BlackTeam "SRB"]
[WhiteClock "0:00:09"]
[BlackClock "0:00:28"]

1. e4 c5 2. Nf3 Nc6 3. d4 cxd4 4. Nxd4 e5 5. Nb5 d6 6. c4 a6 7. N5c3 Be6 8. Be2 Rc8 9. Be3 g6 10. Nd5 Bg7 11. Nbc3 Bxd5 12. Nxd5 Nd4 13. O-O Nf6 14. Bxd4 exd4 15. Qxd4 O-O 16. Qd3 Nxd5 17. cxd5 Bxb2 18. Rab1 Qf6 19. Qb3 Bd4 20. Qxb7 a5 21. a4 Rc2 22. Qb5 Rfc8 23. Bf3 R8c5 24. Qe8+ Kg7 25. Rb8 Kh6 26. Qf8+ Qg7 27. Qxd6 Rxf2 28. Qf4+ g5 29. Rb6+ f6 30. Rxf6+ Bxf6 31. Qg4 Rxf1+ 32. Kxf1 Rc1+ 33. Ke2 Qg6 34. Qh3+ Kg7 35. Qd7+ Qf7 36. Qd6 Qc7 0-1

[Event "December 12 Early 2023"]
[Site "https://www.chess.com"]
[Date "2023.12.12"]
[Round "9"]
[White "Begunov, Konstantin"]
[Black "Adelman, Charles"]
[Result "1-0"]
[Board "131"]
[TimeControl "180+1"]
[WhiteFideId "4118510"]
[BlackFideId "2003597"]
[WhiteElo "2409"]
[BlackElo "2270"]
[WhiteTeam "RUS"]
[BlackTeam "USA"]
[WhiteClock "0:00:59"]
[BlackClock "0:01:54"]

1. d4 Nf6 2. c4 e6 3. Nf3 c5 4. Nc3 b6 5. g3 Bb7 6. dxc5 bxc5 7. Bg2 Be7 8. O-O O-O 9. Qc2 d6 10. Rd1 Nbd7 11. Bf4 e5 12. Bg5 a6 13. Nh4 h6 14. Bxf6 Bxf6 15. Bxb7 Rb8 16. Bg2 Bxh4 17. gxh4 Qxh4 18. Rxd6 Nf6 19. h3 Qxc4 20. b3 Qf4 21. Nd5 Nxd5 22. Rxd5 Rfe8 23. Rxc5 Qd4 24. Rc1 g6 25. Qc4 Qd2 26. Rc7 1-0

[Event "December 12 Early 2023"]
[Site "https://www.chess.com"]
[Date "2023.12.12"]
[Round "9"]
[White "Skaric, Djuro"]
[Black "Vincenti, Leonardo"]
[Result "1-0"]
[Board "132"]
[TimeControl "180+1"]
[WhiteFideId "934569"]
[BlackFideId "28550820"]
[WhiteElo "2391"]
[BlackElo "2233"]
[WhiteTeam "SRB"]
[BlackTeam "ITA"]
[WhiteClock "0:02:03"]
[BlackClock "0:01:51"]

1. g3 h5 2. d4 h4 3. gxh4 Rxh4 4. c4 e6 5. Nc3 Nf6 6. Nf3 Rh8 7. Bg5 Be7 8. Qd2 d6 9. Bg2 c5 10. h4 Nc6 11. O-O-O cxd4 12. Nxd4 Ne5 13. b3 a6 14. f4 Neg4 15. e4 Bd7 16. Bf3 Nh6 17. e5 dxe5 18. fxe5 Nfg4 19. Ne4 Bxg5 20. hxg5 Nxe5 21. gxh6 Nxf3 22. hxg7 Rg8 23. Nxf3 Qe7 24. Nf6+ Qxf6 25. Qxd7# 1-0